 Dungeon Crawl Stone Soup version 0.30-a0-867-g305f33218d (webtiles) character file.

Game seed: 7355544602281655252

21 cheesebisquit the Grave Robber (level 2, 0/21 HPs)
             Began as a Mummy Necromancer on Mar 10, 2023.
             Slain by a phantom (6 damage)
             ... on level 2 of the Dungeon.
             The game lasted 00:02:16 (215 turns).

cheesebisquit the Grave Robber (Mummy Necromancer)   Turns: 215, Time: 00:02:17

Health: 0/21       AC:  2    Str: 11    XL:     2   Next: 62%
Magic:  2/6        EV: 12    Int: 14    God:
Gold:   9          SH:  0    Dex: 12    Spells: 6/7 levels left

rFire   . . .      SeeInvis .    (no weapon)
rCold   + . .      Faith    +    (no shield)
rNeg    + + +      Spirit   .    a - +0 robe
rPois   ∞          Reflect  .    (no helmet)
rElec   .          Rampage  .    (no cloak)
rCorr   .                        (no gloves)
Will    .....                    (no boots)
Stlth   ++                       (no amulet)
HPRegen 0.23/turn                b - ring of protection from fire
MPRegen 0.10/turn                (no ring)

@: no status effects
A: cold resistance 1, negative energy resistance 3, torment resistance 2, heat
vulnerability 1, no potions, faith
a: no special abilities


You were on level 2 of the Dungeon.
You visited 1 branch of the dungeon, and saw 2 of its levels.

You collected 9 gold pieces.

Inventory:

Hand Weapons
 d - a +0 short sword
Missiles
 e - 4 stones
Armour
 a - a +0 robe (worn)
Jewellery
 b - a ring of protection from fire (left hand)
Scrolls
 c - a scroll of vulnerability {unknown}


   Skills:
 + Level 1.0 Fighting
 - Level 1.5 Dodging
 - Level 1.5 Stealth
 + Level 3.1 Spellcasting
 * Level 4.4 Necromancy


You had 6 spell levels left.
You knew the following spells:

 Your Spells              Type           Power      Damage    Failure   Level
a - Necrotise             Necr           56%        1d6       3%          1

Your spell library contained the following spells:

 Spells                   Type           Power      Damage    Failure   Level
 Vampiric Draining        Necr           14%        2d7       11%         3
 Animate Dead             Necr           14%        N/A       34%         4
 Agony                    Necr           14%        N/A       67%         5


Dungeon Overview and Level Annotations

Branches:
Dungeon (1/15)

Altars:


Innate Abilities, Weirdness & Mutations

You are immune to poison.
Your flesh is cold resistant. (rC+)
You are immune to negative energy. (rN+++)
You are immune to unholy pain and torment.
You are vulnerable to heat. (rF-)
You do not drink.
You have a special connection with the divine. (Faith)


Message History

a +0 short sword; 4 stones
d - a +0 short sword;
e - 4 stones A phantom comes into view.
You can't see any susceptible monsters within range! (Use Z to cast anyway.)
Your kobold skeleton hits the phantom but does no damage.
The phantom hits your kobold skeleton!
Your kobold skeleton is destroyed!
The phantom is unaffected.
The phantom is unaffected.
Really attack while wielding nothing?
Okay, then.
Aiming: Necrotise (safe; 3% risk of failure)
Press: ? - help, Q - select action, (/) - cycle Shift-Dir - straight line, f - adder, p - phantom
Aim: an adder (chance to affect: 78%)
The adder writhes in agony.
The adder barely misses you. The phantom closely misses you.
Aiming: Necrotise (safe; 3% risk of failure)
Press: ? - help, Q - select action, (/) - cycle Shift-Dir - straight line, f/p - adder
Aim: an adder (heavily wounded, chance to affect: 78%)
The adder writhes in agony.
The adder bites you but does no damage.
The phantom hits you but does no damage.
Aiming: Necrotise (safe; 3% risk of failure)
Press: ? - help, Q - select action, (/) - cycle Shift-Dir - straight line, f/p - adder
Aim: an adder (heavily wounded, chance to affect: 78%)
The adder writhes in agony.
You kill the adder!
The dead are slithering!
The phantom barely misses you.
Your Fighting skill increases to level 1!
You can't drink.
The phantom attacks as you move away! The phantom completely misses you.
Your adder skeleton barely misses the phantom.
Your adder skeleton misses the phantom.
You can't drink.
You open the door. The phantom hits you.
The phantom blinks!
You blink.
The phantom hits you.
The phantom blinks!
You blink.
The phantom hits you.
* * * LOW HITPOINT WARNING * * *
Your adder skeleton bites the phantom.
The phantom hits you.
You die...

##.........##
#...#####.#....
#...# ..Z.
#...# #...
#...# #.. ##
#...# #.. ..
#...# #.# #.
######...# #.#
#. #....@.Z.#
#.####.
#.####W..#
#....#. #...#
#..#.#. #§..#
#..#... ##'##
#..###. #####.#
#...... #.....#
#.##### #.#####
#.# #.#### #.#


You could see a phantom (ally target) and a friendly adder skeleton.

Vanquished Creatures
  2 adders (D:2)
  A hobgoblin (D:2)
  A ball python (D:2)
  A kobold (D:2)
5 creatures vanquished.

Notes
Turn   | Place    | Note
-------+----------+-------------------------------------------
     0 | D:1      | cheesebisquit the Mummy Necromancer began the quest for the
                  | Orb.
     0 | D:1      | Reached XP level 1. HP: 13/13 MP: 4/4
     6 | D:1      | Noticed a swamp worm
     6 | D:1      | Noticed a swamp drake
     6 | D:1      | Noticed a water moccasin
     7 | D:1      | Noticed a black bear
    13 | D:1      | You fall into a shaft and drop 1 floor!
    29 | D:2      | Reached XP level 2. HP: 20/20 MP: 0/5
   193 | D:2      | Noticed a phantom
   206 | D:2      | Reached skill level 1 in Fighting
   215 | D:2      | Slain by a phantom

Illustrated notes

Levels and vault maps discovered:
D:1:      onia_arrival_zoo_common, layout_basic, nrook_loot_triangle
D:2:      layout_basic, serial_undead, serial_undead_d, serial_undead_b,
          serial_undead_a, serial_undead_d, reono_crystal_passage,
          hangedman_decor_lopped

Skill      XL: |  1  2 |
---------------+-------+-----
Spellcasting   | 3 |  3.1
Fighting       | 1 |  1.0
Dodging        | |  1.5
Stealth        | |  1.5
Necromancy     | |  4.4

Action                     || total
---------------------------++-------
   Cast: Necrotise         ||    16
 Armour: Robe              ||     2
  Dodge: Dodged            ||     6

Table legend: (Time is in decaauts)
 A = Elapsed time spent in this place.
 B = Non-inter-level travel time spent in this place.
 C = Inter-level travel time spent in this place.
 D = Time resting spent in this place.
 E = Time spent auto-exploring this place.
 F = Levels seen in this place.
 G = Mean time per level.
                   A        B        C        D        E       F      G
               +--------+--------+--------+--------+--------+-----+--------+
         Total |    214 |    214 |      0 |      0 |    125 |   2 |  107.0 |
       Dungeon |    214 |    214 |      0 |      0 |    125 |   2 |  107.0 |
               +--------+--------+--------+--------+--------+-----+--------+

Top non-repeatable levels by time:
     D:2: 201 daAuts
     D:1: 12 daAuts
